 Dungeon Crawl Stone Soup version 0.30-a0-778-g2ef04afb54 (webtiles) character file.

Game seed: 2806152125551158448

1309 sircluck the Covered (level 8, -1/70 HPs)
             Began as a Minotaur Fighter on Feb 16, 2023.
             Succumbed to a water moccasin's poison
             ... on level 5 of the Dungeon.
             The game lasted 00:07:46 (4710 turns).

sircluck the Covered (Minotaur Fighter)             Turns: 4710, Time: 00:07:47

Health: -1/70      AC:  7    Str: 21    XL:     8   Next: 32%
Magic:  7/7        EV: 10    Int:  4    God:
Gold:   282        SH:  5    Dex: 15    Spells: 7/7 levels left

rFire   . . .      SeeInvis .    q - +1 mace (heavy)
rCold   . . .      Faith    .    c - +0 buckler
rNeg    . . .      Spirit   .    b - +0 scale mail
rPois   .          Reflect  .    (helmet restricted)
rElec   .          Harm     .    (no cloak)
rCorr   .          Rampage  .    (no gloves)
Will    .....      Clarity  +    (no boots) Stlth
                                 (no amulet)
HPRegen 0.31/turn                (no ring)
MPRegen 0.10/turn                (no ring)

@: lethally poisoned (-1 -> -16)
A: horns 2, retaliatory headbutt, agile 1, clarity
a: no special abilities


You were on level 5 of the Dungeon.
You visited 1 branch of the dungeon, and saw 6 of its levels.

You collected 282 gold pieces.

Inventory:

Hand Weapons
 a - a +0 war axe
 q - a +1 heavy mace (weapon)
 r - a +1 mace of protection
Missiles
 g - 6 boomerangs (quivered)
 k - 62 stones
 A - 3 atropa-tipped darts
Armour
 b - a +0 scale mail (worn)
 c - a +0 buckler (worn)
Magical Staves
 p - a staff of conjuration
Jewellery
 y - a ring of resist corrosion
Scrolls
 f - a scroll of silence {unknown}
 l - a scroll of amnesia {unknown}
 m - 4 scrolls of teleportation {unknown}
 n - a scroll of poison {unknown}
 o - 6 scrolls of identify {unknown}
 t - a scroll of fear {unknown}
 u - a scroll of enchant armour {unknown}
 x - a scroll of noise {unknown}
Potions
 d - a potion of might
 e - 2 potions of mutation
 h - a potion of haste {unknown}
 i - 4 potions of curing {unknown}
 j - 2 potions of ambrosia {unknown}
 s - 2 potions of lignification {unknown}
 v - 2 potions of heal wounds {unknown}
 w - a potion of flight {unknown}
 z - 2 potions of invisibility {unknown}


   Skills:
 + Level 5.7 Fighting
 + Level 6.2(7.0) Axes
 + Level 4.7(6.2) Maces & Flails
 + Level 7.2 Armour
 + Level 2.7 Dodging
 + Level 0.8 Stealth
 + Level 5.4 Shields


You had 7 spell levels left.
You didn't know any spells.
Your spell library contained the following spells:

 Spells                   Type           Power      Damage    Failure   Level
 Beastly Appendage        Tmut           0%         N/A       88%         1
 Ensorcelled Hibernation  Hex/Ice        0%         N/A       95%         2
 Wereblood                Tmut           0%         N/A       95%         2
 Spider Form              Tmut/Pois      0%         N/A       99%         3
 Anguish                  Hex/Necr       0%         N/A       100%        4


Dungeon Overview and Level Annotations

Branches:
Dungeon (6/15)             Temple (0/1) D:4

Altars:
The Shining One

Shops:
D:3 :

Annotations:
D:5 Pikel


Innate Abilities, Weirdness & Mutations

You have a pair of horns on your head.
You reflexively headbutt those who attack you in melee.
You are agile. (Dex +4, Str/Int -1)
You possess an exceptional clarity of mind.


Message History

The water moccasin is heavily wounded.
You feel extremely sick. The water moccasin barely misses you.
The water moccasin bites you! The water moccasin bites you.
You are more poisoned.
The water moccasin poisons you!
You thump the water moccasin!
The water moccasin is severely wounded.
You feel extremely sick. The water moccasin bites you!
You are lethally poisoned!
The water moccasin poisons you! The water moccasin barely misses you.
You are too injured to fight recklessly!
You are too injured to fight recklessly!
You are too injured to fight recklessly!
You are too injured to fight recklessly!
You are too injured to fight recklessly!
You are too injured to fight recklessly!
You are too injured to fight recklessly!
You are too injured to fight recklessly!
You are too injured to fight recklessly!
You are too injured to fight recklessly!
You are too injured to fight recklessly!
You barely miss the water moccasin.
The water moccasin is severely wounded.
* * * LOW HITPOINT WARNING * * *
You feel extremely sick. The water moccasin bites you.
* * * LOW HITPOINT WARNING * * *
The water moccasin bites you but does no damage.
You barely miss the water moccasin.
The water moccasin is severely wounded.
* * * LOW HITPOINT WARNING * * *
You feel extremely sick.
The water moccasin bites you but does no damage.
The water moccasin closely misses you.
There is a lethal amount of poison in your body!
It was a potion of mutation.
You feel extremely strange.
Your thoughts seem clearer.
You feel agile.
You die...

..#..#..>.....#....
...........
.......#.....##.... ...
.....$#. .......##...##
...##.... .....###
......####..# ..#...
....# ....).# ##.## ....
.... ......####...# #..#
... ........#...## ..##
.. .
#..###......#####S..# .
....##...#......@...# ..
..#......##.....##......
.##....####.....## .....
..........###.#..# ....
.......#.........# ..#
#.)...## #.......### ..
#...#.####.......... .
).....##............
.......#...<.).#.#.#


You could see a water moccasin.

Vanquished Creatures
  Sigmund (D:3)
  3 phantoms
  A necrophage (D:3)
  5 scorpions
  2 vampire bats (D:3)
  A howler monkey (D:5)
  A gnoll bouda (D:5)
  A jelly (D:5)
  3 orc priests
  An orc wizard (D:4)
  Robin (D:2)
  9 adders
  4 gnolls
  A white imp (D:6)
  An ufetubus (D:6)
  A worm (D:2)
  3 dart slugs
  18 orcs
  8 ball pythons
  8 endoplasms
  3 giant cockroaches
  14 goblins
  6 hobgoblins
  6 kobolds
  4 quokkas
  7 bats
  8 frilled lizards
  6 rats
127 creatures vanquished.

Vanquished Creatures (others)
  3 plants (D:3)
3 creatures vanquished.

Grand Total: 130 creatures vanquished

Notes
Turn   | Place    | Note
-------+----------+-------------------------------------------
     0 | D:1      | sircluck the Minotaur Fighter began the quest for the Orb.
     0 | D:1      | Reached XP level 1. HP: 19/19 MP: 0/0
    88 | D:1      | Reached XP level 2. HP: 27/27 MP: 1/1
   419 | D:1      | Reached XP level 3. HP: 33/33 MP: 2/2
   964 | D:2      | Noticed a phantom
   983 | D:2      | Killed a phantom
   984 | D:2      | Reached skill level 4 in Armour
   984 | D:2      | Reached XP level 4. HP: 36/41 MP: 3/3
  1324 | D:2      | Noticed Robin
  1330 | D:2      | Reached XP level 5. HP: 43/47 MP: 4/4
  1338 | D:2      | Killed Robin
  1702 | D:3      | Found a faded altar of an unknown god.
  1710 | D:3      | Reached skill level 5 in Axes
  1933 | D:3      | Noticed Sigmund
  1938 | D:3      | Killed Sigmund
  1939 | D:3      | Reached skill level 5 in Fighting
  1939 | D:3      | Reached skill level 1 in Maces & Flails
  1939 | D:3      | Reached skill level 1 in Dodging
  1939 | D:3      | Reached XP level 6. HP: 45/56 MP: 5/5
  2115 | D:3      | Found Symaif's Book Boutique.
  2376 | D:3      | Reached skill level 5 in Armour
  2376 | D:3      | Reached XP level 7. HP: 58/61 MP: 6/6
  2515 | D:3      | Found a glowing golden altar of the Shining One.
  2978 | D:4      | You fall into a shaft and drop 2 floors!
  3310 | D:5      | Entered Level 5 of the Dungeon
  3310 | D:5      | Noticed Pikel
  3368 | D:5      | Reached skill level 5 in Shields
  3462 | D:5      | Reached skill level 6 in Armour
  3841 | D:4      | Found a staircase to the Ecumenical Temple.
  3858 | D:4      | Reached XP level 8. HP: 62/69 MP: 7/7
  4494 | D:5      | Reached skill level 7 in Armour
  4709 | D:5      | HP: 3/70 [poisoned by a water moccasin]
  4710 | D:5      | Gained mutation: You possess an exceptional clarity of
                  | mind. [potion of mutation]
  4710 | D:5      | Gained mutation: You are agile. (Dex +4, Str/Int -1)
                  | [potion of mutation]
  4710 | D:5      | Succumbed to a water moccasin's poison

Illustrated notes

Levels and vault maps discovered:
D:1:      tarquinn_simple_flora_water_c, layout_basic, minmay_strange_pillars
D:2:      layout_basic, uniq_robin
D:3:      layout_loops_ring, amcnicky_altar_gilded, serial_shops,
          shop_fountains, shapermc_ecumenical_altar_mp_highgroup,
          nrook_loot_triangle, chequers_jeans, dk_noncrumbling_2,
          roderic_batcave, chequers_big_river, uniq_sigmund
D:4:      layout_layer_cave, minmay_temple_entry_proselytizer
D:5:      layout_cave_pools, cheibrodos_gnoll_hut, uniq_grinder, uniq_pikel
D:6:      layout_layer_cave, nicolae_overflow_hidden_temple,
          corexii_hall_statues_l, minmay_misc_feat_more_columns,
          minmay_misc_feat_hallway, grunt_ministairs_1, minmay_crystal_room

Skill      XL: |  1  2  3  4  5  6  7  8 |
---------------+-------------------------+-----
Axes           | 3 4 5 6 |  6.2
Fighting       | 4 5 |  5.7
Shields        | 4 5 |  5.4
Armour         | 4 5 6 7 |  7.2
Maces & Flails | 1 4 |  4.7
Dodging        | 1 2 |  2.7
Stealth        | |  0.8

Action                     |  1- 3 |  4- 6 |  7- 9 || total
---------------------------+-------+-------+-------++-------
  Melee: War axe           |    64 |    46 |       ||   110
         Headbutt          |     7 |    10 |    11 ||    28
         Mace              |       |    50 |    83 ||   133
    Use: Potion            |       |       |     1 ||     1
 Armour: Scale mail        |    32 |    57 |    44 ||   133
  Dodge: Dodged            |    18 |    61 |    49 ||   128
  Block: Buckler           |    19 |    29 |    27 ||    75

Table legend: (Time is in decaauts)
 A = Elapsed time spent in this place.
 B = Non-inter-level travel time spent in this place.
 C = Inter-level travel time spent in this place.
 D = Time resting spent in this place.
 E = Time spent auto-exploring this place.
 F = Levels seen in this place.
 G = Mean time per level.
                   A        B        C        D        E       F      G
               +--------+--------+--------+--------+--------+-----+--------+
         Total |   4868 |   4593 |    275 |      0 |   3750 |   6 |  811.3 |
       Dungeon |   4868 |   4593 |    275 |      0 |   3750 |   6 |  811.3 |
               +--------+--------+--------+--------+--------+-----+--------+

Top non-repeatable levels by time:
     D:3: 1205 daAuts
     D:4: 971 daAuts
     D:2: 931 daAuts
     D:1: 799 daAuts
     D:5: 601 daAuts
     D:6: 357 daAuts
